 Dungeon Crawl Stone Soup version 0.27.1-33-g824d729ab1 (webtiles) character file.

Game seed: 16087096990752665198

709 jlumianski the Ducker (level 7, -1/60 HPs)
             Began as a Gnoll Monk on Dec 23, 2021.
             Succumbed to a killer bee's poison
             ... on level 5 of the Dungeon.
             The game lasted 00:25:23 (5080 turns).

jlumianski the Ducker (Gnoll Monk)                  Turns: 5080, Time: 00:25:24

Health: -1/60      AC:  5    Str: 12    XL:     7   Next: 68%
Magic:  9/10       EV: 13    Int: 10    God:
Gold:   105        SH:  0    Dex: 14    Spells: 10/11 levels left

rFire    . . .     SeeInvis .   d - +2 short sword (venom)
rCold    . . .     Faith    .   (no shield)
rNeg     . . .     Spirit   .   g - +0 ring mail
rPois    .         Reflect  .   (helmet currently unavailable)
rElec    .         Harm     .   (no cloak)
rCorr    .         Rampage  .   (no gloves)
Will     .....                  (boots currently unavailable)
Stlth    ++........             (no amulet)
HPRegen  0.20/turn              (no ring)
MPRegen  0.12/turn              (no ring)

@: lethally poisoned (-1 -> -19), about to teleport, appendages (expiring)
A: horns 2, talons 2, fangs 1, strong nose, distributed training
a: End Transformation


You were on level 5 of the Dungeon.
You had temporarily grown beastly horns and talons.
You visited 1 branch of the dungeon, and saw 7 of its levels.

You collected 105 gold pieces.

Inventory:

Hand Weapons
 a - a +1 hand axe
 d - a +2 short sword of venom (weapon)
Missiles
 c - 13 sling bullets
 f - 125 stones
 i - 21 bolts
 j - 2 boomerangs (quivered)
Armour
 b - a +0 robe
 g - a +0 ring mail (worn)
 l - +0 ice dragon scales
Scrolls
 e - 3 scrolls of enchant weapon
 m - 3 scrolls of amnesia


   Skills:
 + Level 7.1 Fighting
 + Level 2.6 Short Blades
 + Level 2.6 Long Blades
 + Level 7.1 Axes
 + Level 2.6 Maces & Flails
 + Level 2.6 Polearms
 + Level 2.6 Staves
 + Level 2.6 Slings
 + Level 2.6 Bows
 + Level 2.6 Crossbows
 + Level 2.6 Throwing
 + Level 2.6 Armour
 + Level 7.1 Dodging
 + Level 5.0 Stealth
 + Level 2.6 Shields
 + Level 2.6 Unarmed Combat
 + Level 2.6 Spellcasting
 + Level 2.1 Conjurations
 + Level 2.1 Hexes
 + Level 2.1 Summonings
 + Level 2.1 Necromancy
 + Level 2.1 Translocations
 + Level 2.1 Transmutations
 + Level 2.1 Fire Magic
 + Level 2.1 Ice Magic
 + Level 2.1 Air Magic
 + Level 2.1 Earth Magic
 + Level 2.1 Poison Magic
 + Level 2.9 Invocations
 + Level 2.6 Evocations


You had 10 spell levels left.
You knew the following spells:

 Your Spells              Type           Power      Damage    Failure   Level
a - Beastly Appendage     Tmut           10%        N/A       26%         1

Your spell library contained the following spells:

 Spells                   Type           Power      Damage    Failure   Level
 Ensorcelled Hibernation  Hex/Ice        10%        N/A       38%         2
 Slow                     Hex            5%         N/A       38%         2
 Sublimation of Blood     Necr           2%         N/A       38%         2
 Wereblood                Tmut           5%         N/A       38%         2
 Confusing Touch          Hex            5%         N/A       63%         3
 Spider Form              Tmut/Pois      2%         N/A       63%         3
 Stone Arrow              Conj/Erth      10%        3d7       63%         3
 Vampiric Draining        Necr           2%         2d6       63%         3
 Bolt of Magma            Conj/Fire/Erth 2%         4d4       100%        5
 Shadow Creatures         Summ           N/A        N/A       100%        6
 Summon Hydra             Summ           2%         N/A       100%        7
 Shatter                  Erth           2%         3d6*      100%        9


Dungeon Overview and Level Annotations

Branches:
Dungeon (7/15)
 Temple: D:4-7

Altars:
Cheibriados
Qazlal


Innate Abilities, Weirdness & Mutations

You have temporarily grown beastly horns and talons.
You have very sharp teeth.
Your uncanny sense of smell can sniff out nearby items.
Your experience applies equally to all skills.


Message History

The killer bee poisons you!
You hit the killer bee. Your punch misses the killer bee.
Your bite misses the killer bee.
The killer bee is severely wounded.
You feel very sick. The killer bee stings you!
You are more poisoned.
The killer bee poisons you! The killer bee stings you.
You miss the killer bee.
The killer bee buzzes angrily.
You claw the killer bee, but do no damage.
Your headbutt misses the killer bee.
The killer bee is almost dead.
You feel very sick.
You hear an angry buzzing noise.
The killer bee stings you.
You are more poisoned.
The killer bee poisons you! The killer bee stings you!
You are lethally poisoned!
The killer bee poisons you!
You aren't carrying any potions.
Unknown command.
You miss the killer bee.
You claw the killer bee, but do no damage.
The killer bee is almost dead.
Your transformation is almost over.
* * * LOW HITPOINT WARNING * * *
You feel very sick.
You kill the killer bee!
A killer bee comes into view.
The killer bee stings you!
* * * LOW HITPOINT WARNING * * *
Your Stealth skill increases to level 5!
* * * LOW HITPOINT WARNING * * *
You feel very sick. The killer bee misses you.
You aren't carrying any potions.
As you read the scroll labelled RUMOEMP KETTIQ, it crumbles to dust.
You feel strangely unstable.
It was a scroll of teleportation.
You die...

........................
..##.##.################
#.... #.# # #...##.# # #
#....# # #...#..# # #..#
##.# ##### .. #.# .....
. #@# ##### ... #y#
.y...##h# ......yy#
..$.....# #......
.h......# .......
........# .......
.......## .......
....... ###.......


You could see a hound and 3 killer bees.

Vanquished Creatures
  A water moccasin (D:3)
  A sky beast (D:3)
  An ogre (D:4)
  A killer bee (D:5)
  A bullfrog zombie (D:5)
  3 hounds (D:4)
  A bullfrog skeleton (D:3)
  3 iguanas
  An orc wizard (D:7)
  5 adders
  An adder skeleton (D:4)
  2 worms (D:2)
  3 dart slugs
  8 orcs
  6 endoplasms
  A giant cockroach (D:1)
  4 goblins
  10 hobgoblins
  3 jackals
  4 quokkas
  9 ball pythons
  5 bats
  6 frilled lizards
  8 kobolds
  8 rats
  A spectral goblin (D:2)
97 creatures vanquished.

Notes
Turn   | Place    | Note
-------+----------+-------------------------------------------
     0 | D:1      | jlumianski the Gnoll Monk began the quest for the Orb.
     0 | D:1      | Reached XP level 1. HP: 23/23 MP: 1/1
   144 | D:1      | Reached XP level 2. HP: 26/29 MP: 2/2
   151 | D:1      | Learned a level 1 spell: Beastly Appendage
   365 | D:1      | Reached XP level 3. HP: 35/35 MP: 1/3
   712 | D:2      | Found a faded altar of an unknown god.
   738 | D:2      | Reached skill level 1 in Invocations
  1129 | D:2      | Reached skill level 1 in Short Blades
  1129 | D:2      | Reached skill level 1 in Long Blades
  1129 | D:2      | Reached skill level 1 in Maces & Flails
  1129 | D:2      | Reached skill level 1 in Polearms
  1129 | D:2      | Reached skill level 1 in Staves
  1129 | D:2      | Reached skill level 1 in Slings
  1129 | D:2      | Reached skill level 1 in Bows
  1129 | D:2      | Reached skill level 1 in Crossbows
  1129 | D:2      | Reached skill level 1 in Throwing
  1129 | D:2      | Reached skill level 1 in Armour
  1129 | D:2      | Reached skill level 1 in Shields
  1129 | D:2      | Reached skill level 1 in Unarmed Combat
  1129 | D:2      | Reached skill level 1 in Spellcasting
  1129 | D:2      | Reached skill level 1 in Evocations
  1129 | D:2      | Reached XP level 4. HP: 40/41 MP: 2/5
  2198 | D:3      | Found a snail-covered altar of Cheibriados.
  2398 | D:3      | Noticed a water moccasin
  2407 | D:3      | Killed a water moccasin
  2408 | D:3      | Reached skill level 1 in Conjurations
  2408 | D:3      | Reached skill level 1 in Hexes
  2408 | D:3      | Reached skill level 1 in Summonings
  2408 | D:3      | Reached skill level 1 in Necromancy
  2408 | D:3      | Reached skill level 1 in Translocations
  2408 | D:3      | Reached skill level 1 in Transmutations
  2408 | D:3      | Reached skill level 1 in Fire Magic
  2408 | D:3      | Reached skill level 1 in Ice Magic
  2408 | D:3      | Reached skill level 1 in Air Magic
  2408 | D:3      | Reached skill level 1 in Earth Magic
  2408 | D:3      | Reached skill level 1 in Poison Magic
  2408 | D:3      | Reached XP level 5. HP: 12/47 MP: 4/7
  3002 | D:3      | Noticed a sky beast
  3060 | D:3      | Reached XP level 6. HP: 53/53 MP: 6/8
  3157 | D:3      | Killed a sky beast
  3261 | D:3      | You fall into a shaft and drop 2 floors!
  3261 | D:5      | Entered Level 5 of the Dungeon
  3819 | D:4      | Reached XP level 7. HP: 55/59 MP: 8/10
  4068 | D:4      | You fall into a shaft and drop 3 floors!
  4127 | D:7      | HP: 1/60 [centaur/arrow (8)]
  4842 | D:4      | Found a stormy altar of Qazlal.
  5079 | D:5      | Reached skill level 5 in Stealth
  5079 | D:5      | HP: 3/60 [poisoned by a killer bee]
  5080 | D:5      | Succumbed to a killer bee's poison

Illustrated notes

Levels and vault maps discovered:
D:1:      dpeg_arrival_refuge, layout_basic
D:2:      layout_loops_corners, dreamdust_ecumenical_altar_drowned_temple,
          kennysheep_donut
D:3:      layout_basic, kennysheep_slug_shrine, dk_vineyard_3
D:4:      layout_cave_pools, kennysheep_little_box, minmay_misc_feat_alley
D:5:      layout_basic, tso_metal_star, serial_shops, kennysheep_mini_moat,
          grunt_ministairs_2, serial_bayou_crossing
D:6:      layout_loops_cross, minmay_temple_entry_gardened_gates, sigmund_army
D:7:      minmay_the_grid_octo_triangle [minmay_the_grid_octo_thin_diamonds,
          minmay_the_grid_octo_prize_ultimate_mussel_roller,
          minmay_the_grid_octo_concentric], layout_cave_pools,
          serial_co_window_serial, co_window_corner_a, co_window_paths_a,
          co_window_paths_b, co_window_of_opportunity_a, co_window_paths_b,
          co_window_unsneaky_path_d, co_window_2corner, co_window_broadway_a,
          glass_columns_a, glass_columns_b, glass_columns_a, glass_columns_b

Skill      XL: |  1  2  3  4  5  6  7 |
---------------+----------------------+-----
Invocations    | 1 2 |  2.9
Short Blades   | 1 2 |  2.6
Long Blades    | 1 2 |  2.6
Maces & Flails | 1 2 |  2.6
Polearms       | 1 2 |  2.6
Staves         | 1 2 |  2.6
Slings         | 1 2 |  2.6
Bows           | 1 2 |  2.6
Crossbows      | 1 2 |  2.6
Throwing       | 1 2 |  2.6
Armour         | 1 2 |  2.6
Shields        | 1 2 |  2.6
Unarmed Combat | 1 2 |  2.6
Spellcasting   | 1 2 |  2.6
Evocations     | 1 2 |  2.6
Conjurations   | 1 2 |  2.1
Hexes          | 1 2 |  2.1
Summonings     | 1 2 |  2.1
Necromancy     | 1 2 |  2.1
Translocations | 1 2 |  2.1
Transmutations | 1 2 |  2.1
Fire Magic     | 1 2 |  2.1
Ice Magic      | 1 2 |  2.1
Air Magic      | 1 2 |  2.1
Earth Magic    | 1 2 |  2.1
Poison Magic   | 1 2 |  2.1
Fighting       | 7 |  7.1
Axes           | 7 |  7.1
Dodging        | 7 |  7.1
Stealth        | 5 |  5.0

Action                   |  1- 3 |  4- 6 |  7- 9 || total
-------------------------+-------+-------+-------++-------
Melee: Hand axe          |    70 |       |       ||    70
       Bite              |     7 |    12 |     4 ||    23
       Kick              |    11 |    17 |     3 ||    31
       Headbutt          |     6 |    15 |     2 ||    23
       Short sword       |    19 |   136 |    36 ||   191
Throw: Stone             |       |     2 |       ||     2
 Cast: Beastly Appendage |    13 |    19 |     4 ||    36
  Use: Scroll            |     4 |     1 |     3 ||     8
       Potion            |     1 |     1 |     3 ||     5
 Stab: Sleeping          |     8 |     2 |       ||    10
Armor: Robe              |    14 |     2 |       ||    16
       Ring mail         |       |    31 |     9 ||    40
Dodge: Dodged            |    52 |   102 |    35 ||   189
